 Dungeon Sprint DCSS version 0.30-a0-883-g5ad918d77d (webtiles) character file.

Game seed: 17136302628177404288

54 sircluck the Grappler (level 7, -6/70 HPs)
             Began as a Troll Gladiator on Mar 15, 2023.
             Mangled by an ogre
             ... wielding a +0 giant spiked club
              (22 damage)
             ... in the Dungeon (Sprint VI: "Thunderdome").
             The game lasted 00:02:44 (546 turns).

sircluck the Grappler (Troll Gladiator)              Turns: 546, Time: 00:02:46

Health: -6/70      AC:  4    Str: 25    XL:     7   Next: 10%
Magic:  6/6        EV: 12    Int:  4    God:
Gold:   280        SH:  0    Dex: 11    Spells: 6/6 levels left

rFire   . . .      SeeInvis .      - Unarmed
rCold   . . .      Faith    .    (no shield)
rNeg    . . .      Spirit   .    a - +0 robe
rPois   .          Reflect  .    b - +0 hat
rElec   .          Rampage  .    (no cloak)
rCorr   .          NoTele   +    (gloves unavailable)
Will    .....                    (boots unavailable)
Stlth   +                        (no amulet)
HPRegen 1.11/turn                (no ring)
MPRegen 0.10/turn                (no ring)

@: no status effects
A: large, unfitting armour, claws 3, regeneration 1, shaggy fur 1, tough skin 1
a: no special abilities


You were in the Dungeon.
You visited 1 branch You collected 280 gold pieces.

Inventory:

Missiles
 c - 3 throwing nets (quivered)
 d - a large rock
Armour
 a - a +0 robe (worn)
 b - a +0 hat (worn)
Wands
 l - a wand of light (5)
 m - a wand of roots (5)
Scrolls
 j - 4 scrolls of blinking
 n - 3 scrolls of fog
Potions
 e - a potion of curing
 f - 4 potions of heal wounds
 g - 4 potions of haste
 h - 2 potions of magic
 i - a potion of berserk rage
 k - a potion of resistance


   Skills:
 + Level 4.3 Fighting
 + Level 4.5 Throwing
 + Level 8.0 Dodging
 + Level 0.6 Stealth
 + Level 10.7 Unarmed Combat


You had 6 spell levels left.
You didn't know any spells.
Your spell library was empty.

Dungeon Overview and Level Annotations

Branches:
Dungeon (1/1)

Altars:
Cheibriados
Dithmenos
Fedhas
Gozag
Kikubaaqudgha
Makhleb
Okawaru
Qazlal
Ru
Sif Muna
Trog
Uskayaw
Vehumet
Wu Jian
Xom
Yredelemnul
Zin
The Shining One
Lugonu

Shops:
D *[??*?*:[((!!!!


Innate Abilities, Weirdness & Mutations

You are too large for most types of armour.
You have claws for hands.
Your natural rate of healing is unusually fast.
You are covered in fur. (AC +1)
You have tough skin. (AC +1)


Message History

Edmund hits you with a +0 heavy flail! The grasping roots constrict you.
You scratch Edmund.
Edmund is heavily wounded.
The centaur hits you but does no damage.
The centaur kicks you but does no damage.
You claw Edmund! You claw Edmund, but do no damage.
Edmund is severely wounded.
The centaur hits you but does no damage.
The centaur barely misses you. Edmund hits you with a +0 heavy flail.
The grasping roots constrict you.
The grasping roots release their grip on you.
You scratch Edmund. You claw Edmund!
Edmund is almost dead.
The centaur hits you.
The centaur kicks you but does no damage.
You claw Edmund!
You kill Edmund!
The centaur hits you.
The centaur kicks you but does no damage.
The centaur closely misses you. The centaur kicks you.
* * * LOW HITPOINT WARNING * * *
Your Dodging skill increases to level 8!
You have reached level 7!
You scratch the centaur.
The centaur is moderately wounded.
The centaur hits you.
* * * LOW HITPOINT WARNING * * *
The centaur kicks you.
* * * LOW HITPOINT WARNING * * *
You claw the centaur!
The centaur is severely wounded.
The centaur hits you but does no damage.
The centaur misses you.
You scratch the centaur but do no damage.
The centaur is severely wounded.
The centaur hits you.
* * * LOW HITPOINT WARNING * * *
The centaur closely misses you.
The ogre hits you with a +0 giant spiked club!!
You die...

#_...... #_......
###.......
#⌠........
######.8..)....
##.___......###.
###∩....)...8.# #.
##.............###÷
#⌠@O........###...#
#§c.........# #.<.#
#§.......[..###...#
##.............###.
###∩....[...8.# #.
##∩___.[....###.
######.8[......
#⌠...÷....
###.......


You could see an ogre and a centaur.

Vanquished Creatures
  Sigmund (D)
  Edmund (D)
  An ogre (D)
  A gnoll sergeant (D)
  3 gnoll boudas (D)
  Jessica (D)
  2 gnolls (D)
  2 ball pythons (D)
  A bat (D)
13 creatures vanquished.

Notes
Turn   | Place    | Note
-------+----------+-------------------------------------------
     0 | D        | sircluck the Troll Gladiator began the quest for the Orb.
     0 | D        | Reached XP level 1. HP: 19/19 MP: 0/0
     1 | D        | Found an ancient bone altar of Kikubaaqudgha.
     1 | D        | Found a snail-covered altar of Cheibriados.
     2 | D        | Found an ornate altar of the Wu Jian Council.
     4 | D        | Found Orampuops's Distillery.
     4 | D        | Found a radiant altar of Vehumet.
     4 | D        | Found Bopul's Do-It-Yourself Clinic.
     5 | D        | Found Kuezuroc's Distillery.
     5 | D        | Found Vulek's Bottled Wisdom.
     5 | D        | Round 1.
    16 | D        | Found a shadowy altar of Dithmenos.
    19 | D        | Found a glowing silver altar of Zin.
    21 | D        | Found a stormy altar of Qazlal.
    25 | D        | Found Qekirue's Weapon Rack.
    25 | D        | Found Kuqetrof's Basic Armour.
    26 | D        | Found Nide's Miscellaneous Merchandise.
    27 | D        | Found an iron altar of Okawaru.
    27 | D        | Found a basalt altar of Yredelemnul.
    27 | D        | Found Muphyemy's Premium Goods.
    31 | D        | Found a blossoming altar of Fedhas.
    36 | D        | Noticed Jessica
    42 | D        | Killed Jessica
    43 | D        | Reached skill level 4 in Unarmed Combat
    43 | D        | Reached XP level 2. HP: 28/28 MP: 1/1
    44 | D        | Noticed Sigmund
    45 | D        | Found a hide-covered altar of Uskayaw.
    46 | D        | Found an opulent altar of Gozag.
    46 | D        | Found Fuufiqogh's Identification Station.
    47 | D        | Found Xiwypp's Advanced Armour.
    47 | D        | Found Zuoly's Jewellery.
    48 | D        | Found a shimmering altar of Xom.
    48 | D        | Found a bloodstained altar of Trog.
    48 | D        | Found a burning altar of Makhleb.
    52 | D        | Killed Sigmund
    53 | D        | Reached skill level 7 in Unarmed Combat
    53 | D        | Reached XP level 3. HP: 28/37 MP: 2/2
    53 | D        | Reached XP level 4. HP: 34/45 MP: 3/3
    53 | D        | Reached XP level 5. HP: 40/53 MP: 4/4
    77 | D        | Found a glowing golden altar of the Shining One.
   127 | D        | Found a corrupted altar of Lugonu.
   127 | D        | Found Mytuamma's Staff Store.
   131 | D        | Arena points: 12 (+12) [x2]
   135 | D        | Found Suogav's Must-Have Magic.
   135 | D        | Found Acwojib's Magic Scroll Shop.
   142 | D        | Found Ixie's Magic Scroll Shop.
   142 | D        | Found a sacrificial altar of Ru.
   142 | D        | Found a shimmering blue altar of Sif Muna.
   200 | D        | Round 2.
   216 | D        | Reached skill level 8 in Unarmed Combat
   341 | D        | Reached XP level 6. HP: 56/62 MP: 5/5
   366 | D        | Arena points: 54 (+42) [x3]
   367 | D        | Reached skill level 9 in Unarmed Combat
   411 | D        | Round 3.
   477 | D        | Reached skill level 10 in Unarmed Combat
   536 | D        | Noticed Edmund
   543 | D        | Killed Edmund
   544 | D        | Reached XP level 7. HP: 20/70 MP: 6/6
   546 | D        | Mangled by an ogre

Illustrated notes

Levels and vault maps discovered:
D:        arena_sprint

Skill      XL: |  1  2  3  4  5  6 |
---------------+-------------------+-----
Fighting       | 2 3 4 |  4.3
Throwing       | 2 3 4 |  4.5
Dodging        | 3 6 8 |  8.0
Unarmed Combat | 4 7 8 10 | 10.7
Stealth        | |  0.6

Action                     |  1- 3 |  4- 6 |  7- 9 || total
---------------------------+-------+-------+-------++-------
  Melee: Unarmed           |    11 |    45 |     3 ||    59
         Punch             |       |     3 |       ||     3
 Armour: Robe              |     1 |     9 |     1 ||    11
  Dodge: Dodged            |     6 |    22 |     2 ||    30

Table legend: (Time is in decaauts)
 A = Elapsed time spent in this place.
 B = Non-inter-level travel time spent in this place.
 C = Inter-level travel time spent in this place.
 D = Time resting spent in this place.
 E = Time spent auto-exploring this place.
 F = Levels seen in this place.
 G = Mean time per level.
                   A        B        C        D        E       F      G
               +--------+--------+--------+--------+--------+-----+--------+
         Total |    537 |    467 |     70 |     84 |     85 |   1 |  537.0 |
       Dungeon |    537 |    467 |     70 |     84 |     85 |   1 |  537.0 |
               +--------+--------+--------+--------+--------+-----+--------+

Top non-repeatable levels by time:
       D: 537 daAuts
